 Dungeon Crawl Stone Soup version 0.27.1-33-g824d729ab1 (webtiles) character file.

Game seed: 1652435166865707296

1812787 Sharkman1231 the Slayer (level 27, 296/296 HPs)
             Began as a Demonspawn Delver on Dec 26, 2021.
             Was the Champion of Okawaru.
             Escaped with the Orb
             ... and 3 runes!
             The game lasted 01:57:10 (63384 turns).

Sharkman1231 the Slayer (Demonspawn Delver)        Turns: 63384, Time: 01:57:11

Health: 296/296    AC: 43    Str: 16    XL:     27
Magic:  35/35      EV: 21    Int: 14    God:    Okawaru [******]
Gold:   2162       SH: 23    Dex: 19    Spells: 37/42 levels left

rFire    + + .     SeeInvis +   y - +9 demon trident (elec)
rCold    + + .     Faith    .   Z - +5 kite shield "Plog" {+Inv rPois rC+}
rNeg     . . .     Spirit   .   j - +6 fire dragon scales
rPois    +         Reflect  .   (helmet unavailable)
rElec    +         Harm     .   e - +3 cloak of the Buccaneer {SInv}
rCorr    +         Rampage  .   p - +2 pair of gloves {archery}
Will     ++...     Rnd*Rage +   m - +1 pair of boots
Stlth    ++........             Q - amulet of Keirph {RegenMP rPois Regen+}
HPRegen  1.59/turn              t - ring "Faojuilo" {Ice rElec}
MPRegen  0.49/turn              X - ring "Uschio" {rF+ rCorr AC+4 Dex-5}

@: studying 3 skills
A: horns 3, icy blue scales 3, icemail 2, powered by pain 3, robust 3,
condensation shield, hooves 1, see invisible, berserk 1, deformed body, sense
surroundings 1, screaming 1, strong 1, evolution 1, inability to read while
threatened
0: Orb of Zot
}: 3/15 runes: decaying, silver, gossamer
a: Renounce Religion, Evoke Invisibility, Heroism, Finesse


You escaped.
You worshipped Okawaru.
Okawaru was exalted by your worship.
You visited 11 branches of the dungeon, and saw 51 of its levels.
You visited the Abyss 1 time.
You also visited: Bailey and Ice Cave.

You collected 8547 gold pieces.
You spent 6385 gold pieces at shops.

Inventory:

Hand Weapons
 y - a +9 demon trident of electrocution (weapon)
Missiles
 u - 6 throwing nets (quivered)
 I - 9 curare-tipped darts
Armour
 e - the +3 cloak of the Buccaneer (worn) {SInv}
   (Okawaru gifted it to you on level 1 of the Depths)

   SInv:      It lets you see invisible.
 j - +6 fire dragon scales (worn)
 m - a +1 pair of boots (worn)
 p - a +2 pair of gloves of archery (worn)
 Z - the +5 kite shield "Plog" (worn) {+Inv rPois rC+}
   (Okawaru gifted it to you on level 3 of the Vaults)

   rC:        It protects you from cold.
   rPois:     It protects you from poison.
   +Inv:      It lets you turn invisible.
Jewellery
 f - a ring of willpower
 q - a ring of flight
 t - the ring "Faojuilo" (left hand) {Ice rElec}
   (You took it off a deep elf demonologist on level 3 of the Elven Halls)

   [ring of ice]

   It enhances your ice magic.
   rF:        It makes you vulnerable to fire.
   rC:        It protects you from cold.
   rElec:     It insulates you from electricity.
 v - the ring "Suorghaj" {Ice +Blink rN+ Will+ Dex+9}
   (You found it on level 3 of the Lair of Beasts)

   [ring of ice]

   It enhances your ice magic.
   Dex:       It affects your dexterity (+9).
   rF:        It makes you vulnerable to fire.
   rC:        It protects you from cold.
   rN:        It protects you from negative energy.
   +Blink:    It lets you blink.
   Will:      It increases your willpower.
 A - the ring "Qicvoyw" {rPois rF+ Dex+2 SInv}
   (You bought it in a shop on level 5 of the Depths)

   [ring of poison resistance]

   Dex:       It affects your dexterity (+2).
   rF:        It protects you from fire.
   rPois:     It protects you from poison.
   SInv:      It lets you see invisible.
 F - the ring "Ahicka" {rElec rC+ Will+ Dex-4 Slay+3}
   (You took it off a tengu reaver on level 5 of the Vaults)

   [ring of protection from cold]

   Dex:       It affects your dexterity (-4).
   Slay:      It affects your accuracy & damage with ranged weapons and melee
   (+3).
   rC:        It protects you from cold.
   rElec:     It insulates you from electricity.
   Will:      It increases your willpower.
 H - the ring "Karun" {*Corrode rPois rF+ Slay+4}
   (You acquired it on level 5 of the Depths)

   [ring of slaying]

   Slay:      It affects your accuracy & damage with ranged weapons and melee
   (+4).
   rF:        It protects you from fire.
   rPois:     It protects you from poison.
   *Corrode:  It may corrode you when you take damage.
 Q - the amulet of Keirph (around neck) {RegenMP rPois Regen+}
   (You found it in a bailey)

   [amulet of magic regeneration]

   It increases your rate of magic regeneration.
   rPois:     It protects you from poison.
   Regen:     It increases your rate of health regeneration.
 W - the ring of Gaakimu {Str+4 Int+6 Slay+3}
   (You took it off an ironbound convoker on level 5 of the Vaults)

   [ring of intelligence]

   Str:       It affects your strength (+4).
   Int:       It affects your intelligence (+6).
   Slay:      It affects your accuracy & damage with ranged weapons and melee
   (+3).
 X - the ring "Uschio" (right hand) {rF+ rCorr AC+4 Dex-5}
   (You acquired it in a bailey)

   [ring of protection]

   AC:        It affects your AC (+4).
   Dex:       It affects your dexterity (-5).
   rF:        It protects you from fire.
   rCorr:     It protects you from acid and corrosion.
Wands
 g - a wand of digging (3)
 k - a wand of mindburst (34)
 n - a wand of acid (65)
 o - a wand of paralysis (41)
 w - a wand of polymorph (49)
 O - a wand of flame (112)
 U - a wand of iceblast (43)
 Y - a wand of charming (6)
Scrolls
 b - 7 scrolls of vulnerability
 c - 3 scrolls of fog
 d - 4 scrolls of magic mapping
 h - 7 scrolls of immolation
 r - 22 scrolls of identify
 s - 11 scrolls of teleportation
 L - a scroll of summoning
 M - 6 scrolls of blinking
 N - a scroll of silence
 P - 6 scrolls of fear
Potions
 a - 13 potions of ambrosia
 l - 28 potions of curing
 x - 9 potions of lignification
 z - 5 potions of invisibility
 B - 6 potions of flight
 C - 3 potions of might
 D - 2 potions of resistance
 E - 7 potions of haste
 G - 11 potions of heal wounds
 J - 4 potions of mutation
 K - 7 potions of magic
 R - 2 potions of cancellation
 S - 4 potions of berserk rage
 V - 7 potions of brilliance
Miscellaneous
 i - a phial of floods
 T - a phantom mirror


   Skills:
 + Level 21.3 Fighting
 - Level 2.2 Maces & Flails
 - Level 14.0 Polearms
 - Level 8.0 Throwing
 + Level 16.3 Armour
 - Level 21.2 Dodging
 - Level 17.1 Stealth
 - Level 15.0 Shields
 - Level 8.0 Spellcasting
 - Level 13.5 Hexes
 - Level 12.5 Air Magic
 - Level 9.0 Invocations
 - Level 12.7 Evocations


You had 37 spell levels left.
You knew the following spells:

 Your Spells              Type           Power      Damage    Failure   Level
a - Silence               Hex/Air        21%        N/A       4%          5

Your spell library contained the following spells:

 Spells                   Type           Power      Damage    Failure   Level
 Corona                   Hex            47%        N/A       1%          1
 Swiftness                Air            40%        N/A       1%          3
 Tukima's Dance           Hex            43%        N/A       1%          3
 Cause Fear               Hex            21%        N/A       1%          4
 Ensorcelled Hibernation  Hex/Ice        72%        N/A       3%          2
 Corpse Rot               Necr/Air       N/A        N/A       4%          2
 Poisonous Vapours        Pois/Air       46%        N/A       4%          2
 Static Discharge         Conj/Air       23%        N/A       4%          2
 Dazzling Flash           Conj/Hex       48%        N/A       7%          3
 Inner Flame              Hex/Fire       24%        N/A       7%          3
 Portal Projectile        Hex/Tloc       48%        N/A       7%          3
 Mephitic Cloud           Conj/Pois/Air  17%        N/A       19%         3
 Fulminant Prism          Conj/Hex       12%        3d9       22%         4
 Leda's Liquefaction      Hex/Erth       12%        N/A       22%         4
 Invisibility             Hex            21%        N/A       22%         6
 Animate Skeleton         Necr           10%        N/A       34%         1
 Foxfire                  Conj/Fire      20%        2x1d5     34%         1
 Magic Dart               Conj           20%        1d4       34%         1
 Pain                     Necr           20%        1d5       34%         1
 Sting                    Tmut/Pois      20%        1d4       34%         1
 Call Imp                 Summ           5%         N/A       47%         2
 Passwall                 Tmut/Erth      4%         N/A       47%         2
 Searing Ray              Conj           10%        3d3       47%         2
 Metabolic Englaciation   Hex/Ice        18%        N/A       52%         5
 Summon Mana Viper        Hex/Summ       24%        N/A       52%         5
 Lightning Bolt           Conj/Air       11%        1d24      58%         5
 Call Canine Familiar     Summ           5%         N/A       71%         3
 Ignite Poison            Fire/Tmut/Pois 5%         N/A       71%         3
 Ozocubu's Armour         Ice            8%         N/A       71%         3
 Stone Arrow              Conj/Erth      10%        3d7       71%         3
 Vampiric Draining        Necr           2%         2d6       71%         3
 Freezing Cloud           Conj/Ice/Air   12%        6-21      87%         5
 Animate Armour           Summ/Erth      10%        N/A       98%         4
 Animate Dead             Necr           2%         N/A       98%         4
 Dispel Undead            Necr           5%         3d7       98%         4
 Ice Form                 Ice/Tmut       8%         N/A       98%         4
 Olgreb's Toxic Radiance  Pois           5%         N/A       98%         4
 Sticky Flame             Conj/Fire      5%         2d3       98%         4
 Summon Ice Beast         Ice/Summ       8%         N/A       98%         4
 Conjure Ball Lightning   Conj/Air       11%        3x3d6     99%         6
 Agony                    Necr           5%         N/A       100%        5
 Alistair's Intoxication  Tmut/Pois      3%         N/A       100%        5
 Blade Hands              Tmut           2%         N/A       100%        5
 Bolt of Magma            Conj/Fire/Erth 2%         4d4       100%        5
 Borgnjor's Vile Clutch   Necr/Erth      2%         N/A       100%        5
 Fireball                 Conj/Fire      2%         3d4       100%        5
 Irradiate                Conj/Tmut      2%         3d14      100%        5
 Iskenderun's Battlesphe  Conj           5%         2d6       100%        5
 Death Channel            Necr           2%         N/A       100%        6
 Eringya's Noxious Bog    Tmut/Pois      2%         N/A       100%        6
 Iron Shot                Conj/Erth      2%         9d2       100%        6
 Simulacrum               Ice/Necr       4%         N/A       100%        6
 Starburst                Conj/Fire      2%         6d3       100%        6
 Dragon Form              Tmut           2%         N/A       100%        7
 Haunt                    Necr/Summ      2%         N/A       100%        7
 Monstrous Menagerie      Summ           2%         N/A       100%        7
 Orb of Destruction       Conj           2%         9d1       100%        7
 Ozocubu's Refrigeration  Ice            4%         4d5       100%        7
 Spellforged Servitor     Conj/Summ      2%         N/A       100%        7
 Discord                  Hex            21%        N/A       100%        8
 Disjunction              Tloc           2%         N/A       100%        8
 Ignition                 Fire           2%         3d3       100%        8
 Infestation              Necr           2%         N/A       100%        8
 Lehudib's Crystal Spear  Conj/Erth      2%         10d2      100%        8
 Maxwell's Capacitive Co  Air            20%        ∞         100%        8
 Polar Vortex             Ice            4%         N/A       100%        9
 Shatter                  Erth           2%         3d6*      100%        9


Dungeon Overview and Level Annotations

Branches:
Dungeon (15/15)            Temple (1/1) D:4            Lair (6/6) D:10
  Swamp (4/4) Lair:4       Spider (4/4) Lair:4        Slime (1/5) Lair:5
    Orc (2/2) D:9             Elf (3/3) Orc:2        Vaults (5/5) D:13
  Crypt (0/3) Vaults:3     Depths (5/5) D:15            Zot (5/5) Depths:5
 Bailey (visited)           IceCv (visited)

Altars:
Fedhas
Kikubaaqudgha
Okawaru
Qazlal
Sif Muna
Trog
Uskayaw
Yredelemnul
Zin
The Shining One
Lugonu

Shops:
D:5 (   D:8 [   D:10 =*=((   D:14 !   Orc:1 (   Orc:2 [[:!   Elf:3 *
Vaults:4 !   Depths:2 ([?(   Depths:5 ::=**=

Portals:
Hell: Depths:2 Depths:3 Depths:4 Depths:5
Abyss: Depths:1 Depths:2 Depths:4
Pandemonium: Depths:2 Depths:3
Ziggurat: Depths:5
Trove: Depths:5 (give +3 fire dragon scales)

Annotations:
D:14 exclusion: door
Swamp:3 Louise
Swamp:4 Roxanne
Elf:2 3 runed translucent doors
Zot:3 24 runed doors
Abyss:1 Selrock's ghost, novice DsGl; Urug


Innate Abilities, Weirdness & Mutations

You have a pair of large horns on your head.
You are completely covered in icy blue scales. (AC +4, rC+)
A meltable icy envelope protects you from harm. (AC +8)
You are powered by pain.
You are extremely robust. (+30% HP)
A meltable shield of frost defends you. (SH +4)
You have large cloven feet.
You have supernaturally acute eyesight. (SInv)
You tend to lose your temper in combat.
Armour fits poorly on your strangely shaped body.
You passively map a small area around you.
You occasionally shout uncontrollably at your foes.
Your muscles are strong. (Str +2)
You evolve.
You sometimes lose the ability to read scrolls when taking damage.


Message History

You reach to attack!
You closely miss the sixfirhy.
The sixfirhy is moderately wounded.
You block the sixfirhy's attack. x2
You impale the sixfirhy!!
The sixfirhy is almost dead.
You block the sixfirhy's attack. x2
You barely miss the sixfirhy.
The sixfirhy is almost dead.
You block the sixfirhy's attack. x2
The sixfirhy hits you but does no damage.
You block the sixfirhy's attack. x2; The sixfirhy misses you.
The sixfirhy closely misses you.
There is a stone staircase leading up here.
You block the sixfirhy's attack.
You climb upwards.
There is a stone staircase leading down here.
(D) Dungeon (T) Temple (L) Lair (S) Swamp (N) Spider Nest (M) Slime Pits (O) Orcish Mines (E) Elven Halls (V) Vaults (C) Crypt (U) Depths (H) Hell (Z) Zot
Where to? (Enter - D:1 @ (x,y), ? - help)
There is a stone staircase leading up here.
You climb upwards.
There is a stone staircase leading down here.
An Orb Guardian comes into view.
There is a stone staircase leading up here.
You climb upwards.
There is a stone staircase leading down here.
(D) Dungeon (T) Temple (L) Lair (S) Swamp (N) Spider Nest (M) Slime Pits (O) Orcish Mines (E) Elven Halls (V) Vaults (C) Crypt (U) Depths (H) Hell (Z) Zot
Where to? (Enter - D:1 @ (x,y), ? - help)
There is an escape hatch in the ceiling here.
A mysterious force pulls you upwards. The hatch slams shut behind you.
There is a stone staircase leading up here.
You climb upwards.
There is a stone staircase leading down here.
There is a staircase leading out of the dungeon here.
You have escaped!

..>#####.#######.#.....#.########
.#..............................#
'###############.##############..
...♣♣.......................♣ #.#
...♣♣..8..8...........8..8..♣ #.#
...♣♣...÷...............÷...♣ #.#
+#♣♣♣...................÷...♣♣♣.#
+#♣♣...8..8...........8..8...♣♣.#
..♣♣............@............♣♣.#
..♣♣...8..8...........8..8...♣♣.#
..♣♣♣...÷...................♣♣♣.#
..# ♣.........[.........÷...♣♣...
..# ♣..8..8...........8..8..♣♣...
..# ♣.......................♣♣...
..# ############.##############.#
..# #...# #...................).
..# #...# #####..##########.####


There were no monsters in sight!

Vanquished Creatures
  A dread lich (Depths:2)
  8 orbs of fire
  2 ancient liches
  Boris (Depths:4)
  4 Killer Klowns (Zot:5)
  A curse toe (Zot:3)
  A caustic shrike (Depths:4)
  16 golden dragons
  An iron giant (shapeshifter) (Vaults:5)
  19 tentacled monstrosities
  The ghost of Liupibe the Hoplite, an adept MiBe of Trog (Depths:4)
  Rupert (Lair:6)
  2 electric golems
  Asterion (Vaults:2)
  26 Orb Guardians
  Jorgrun (Elf:1)
  10 titans
  6 liches
  2 deep elf blademasters (Elf:3)
  5 quicksilver dragons
  2 deep elf master archers (Elf:3)
  8 death cobs
  16 storm dragons
  6 sphinxes
  7 shadow dragons
  3 draconian monks
  5 tengu reavers
  15 fire giants
  The ghost of Egemm the Executioner, a journeyman MiBe of Trog (Depths:3)
  The ghost of Egemm the Executioner, a journeyman MiBe of Trog (Depths:2)
  4 fenstrider witches (Swamp:4)
  3 draconian knights
  2 iron dragons (Vaults:5)
  7 ghost moths
  18 frost giants
  5 deep elf sorcerers
  8 draconian scorchers
  2 orc warlords
  Aizul (Swamp:3)
  20 vault wardens
  4 draconian shifters
  5 emperor scorpions
  3 spriggan defenders
  15 ironbound preservers
  3 war gargoyles
  4 deep elf elementalists
  A draconian stormcaller (Depths:5)
  6 ghouls
  A reaper (Swamp:4)
  9 draconian annihilators
  6 deep elf demonologists
  30 very ugly things
  4 green draconians
  18 stone giants
  A vampire knight (Vaults:3)
  An entropy weaver (shapeshifter) (Vaults:5)
  10 black draconians
  9 red draconians
  8 white draconians
  11 yellow draconians
  14 purple draconians
  10 spark wasps
  4 bunyips
  9 entropy weavers
  A spark wasp (shapeshifter) (Vaults:5)
  10 deep elf annihilators
  2 dire elephants
  4 eleionomae
  9 deep elf death magi
  A blizzard demon (Depths:2)
  A crystal guardian (Vaults:4)
  A merfolk javelineer (Depths:1)
  11 ettins
  The ghost of Ekaitz the Geomancer, a journeyman DrEE of Vehumet (D:12)
  A green death (Swamp:4)
  17 yaktaur captains
  13 fire dragons
  33 vault guards
  18 hydras
  3 deep elf high priests
  10 great orbs of eyes
  A caustic shrike simulacrum (IceCv)
  6 ironbound thunderhulks
  A shambling mangrove (Swamp:2)
  4 rakshasas
  A hell beast (Depths:3)
  3 boulder beetles
  7 ice dragons
  7 ogre magi
  5 spriggan air magi
  13 centaur warriors
  3 peacekeepers
  6 ironbound frosthearts
  A monstrous demonspawn (D:6)
  A catoblepas (Lair:5)
  6 alligators
  13 two-headed ogres
  10 deep troll shamans
  2 orc high priests (Orc:2)
  13 dancing weapons
  7 death yaks
  11 deep troll earth magi
  2 ironbound beastmasters
  6 spriggan berserkers
  6 tengu warriors
  7 iron trolls
  12 hell knights
  A sun demon (Depths:2)
  7 deep elf knights
  4 sixfirhies
  2 soul eaters (Depths:3)
  A shadow wraith (Vaults:5)
  A salamander mystic (Depths:3)
  A shadow demon (Depths:2)
  2 spatial maelstroms (Abyss:3)
  6 goliath frogs
  6 large abominations
  An obsidian statue (IceCv)
  4 spriggan druids
  2 bog bodies (IceCv)
  A glowing orange brain (Depths:3)
  21 wizards
  A harpy (Vaults:4)
  14 deep elf archers
  60 deep trolls
  11 orb spiders
  24 ironbound convokers
  6 orc knights
  4 phantasmal warriors (Vaults:5)
  A lindwurm (shapeshifter) (Vaults:5)
  A harpy (shapeshifter) (Vaults:4)
  6 necromancers
  5 swamp dragons
  A flayed ghost (Vaults:3)
  25 deep elf zephyrmancers
  2 oklob plants (Lair:5)
  60 ugly things
  A mana viper (shapeshifter) (Depths:2)
  22 deep elf pyromancers
  A shining eye (Slime:1)
  7 orc sorcerers
  26 wolf spiders
  4 cyclopes
  A manticore (D:15)
  27 moths of wrath
  4 will-o-the-wisps
  3 salamanders (Depths:3)
  6 elephants
  17 vault sentinels
  3 ice statues
  3 torpor snails
  An apocalypse crab (Abyss:3)
  3 black mambas
  A gargoyle (D:14)
  4 orange demons (Swamp:4)
  17 cane toads
  A smoke demon (Depths:2)
  Maggie (D:7)
  2 unseen horrors (Depths:2)
  11 komodo dragons
  22 freezing wraiths
  A tengu conjurer (Depths:3)
  7 rime drakes
  3 kobold demonologists
  An entropy weaver simulacrum (IceCv)
  37 yaktaurs
  12 demonic crawlers
  3 golden dragon simulacra (IceCv)
  An ice devil (IceCv)
  5 anaconda simulacra (IceCv)
  3 hellwings
  A queen bee (Lair:2)
  7 trolls
  9 polar bears
  3 bloated husks
  A wolf spider simulacrum (D:15)
  33 jumping spiders
  8 tyrant leeches
  A polar bear (shapeshifter) (D:15)
  19 blink frogs
  9 dream sheep (Lair:6)
  An ettin zombie (Abyss:3)
  2 wind drakes (shapeshifter)
  15 slime creatures
  A blink frog (shapeshifter) (D:13)
  20 hornets
  2 raiju (Abyss:3)
  A centaur simulacrum (D:15)
  4 shadows
  10 wyverns
  67 redbacks
  18 spriggans
  2 dire elephant simulacra (IceCv)
  4 air elementals (Elf:3)
  A spriggan simulacrum (IceCv)
  A fire elemental (Elf:3)
  25 tarantellas
  2 vampires
  6 starcursed masses (Abyss:3)
  20 water elementals
  3 ynoxinuls
  4 wraiths
  A yak (shapeshifter) (Vaults:5)
  2 spriggans (shapeshifter)
  2 basilisks (Lair:5)
  A fire bat (shapeshifter) (Vaults:1)
  45 yaks
  A steam dragon (D:7)
  A minotaur simulacrum (IceCv)
  9 vampire mosquitoes
  3 neqoxecs
  Menkaure (D:6)
  A spatial vortex (Abyss:3)
  8 chaos spawn
  14 swamp worms
  4 wargs
  6 harpy simulacra (IceCv)
  4 hydra simulacra (IceCv)
  An acid dragon (D:13)
  10 water moccasins
  A floating eye (Depths:2)
  7 ice beasts
  33 orc warriors
  4 sky beasts
  2 ettin simulacra (IceCv)
  3 black bears
  2 alligator simulacra (IceCv)
  3 boggarts (Lair:6)
  31 wolves
  A necrophage (D:4)
  12 centaurs
  22 ogres
  A tengu (shapeshifter) (D:13)
  8 small abominations (Depths:2)
  A phantom (D:6)
  6 kobold brigands
  9 bullfrogs
  2 scorpions
  3 earth elementals
  A wyvern skeleton (D:5)
  2 deep troll simulacra (IceCv)
  A hornet simulacrum (D:13)
  2 lindwurm simulacra (IceCv)
  18 killer bees (Lair:2)
  5 electric eels
  A howler monkey (D:9)
  5 centaur zombies
  2 bullfrog zombies (D:6)
  A jelly (D:6)
  A centaur skeleton (D:6)
  10 orc priests
  2 gnoll shamans
  11 hounds
  Crazy Yiuf (D:2)
  3 bullfrog skeletons
  11 orc wizards
  7 iguanas
  6 hell rats
  A killer bee zombie (D:8)
  Robin (D:3)
  2 howler monkey zombies
  18 gnolls
  3 adders
  3 shadow imps
  4 white imps
  3 worms
  A dart slug (D:5)
  88 orcs
  4 bats
  9 endoplasms
  3 giant cockroaches
  26 hobgoblins
  2 quokkas (D:2)
  4 ball pythons
  2 frilled lizards
  29 goblins
  19 kobolds
  9 rats
2147 creatures vanquished.

Vanquished Creatures (collateral kills)
  A Killer Klown (Zot:5)
  A storm dragon (Zot:2)
  A fenstrider witch (Swamp:2)
  A draconian shifter (Zot:2)
4 creatures vanquished.

Vanquished Creatures (others)
  2 golden dragons
  3 draconian knights
  2 fire giants
  A draconian shifter (Zot:2)
  An ice dragon (Depths:2)
  2 deep elf knights
  3 deep elf zephyrmancers
  2 bloated husks
  A troll (D:13)
  2 vampire mosquitoes (Swamp:1)
  10 foxfires
  49 fungi
  87 plants
165 creatures vanquished.

Grand Total: 2316 creatures vanquished

Notes
Turn   | Place    | Note
-------+----------+-------------------------------------------
     0 | D:5      | Sharkman1231 the Demonspawn Delver began the quest for the
                  | Orb.
     0 | D:5      | Reached XP level 1. HP: 18/18 MP: 1/1
     5 | D:5      | Noticed an iguana
    23 | D:6      | Noticed an orc warrior
    23 | D:6      | Noticed an orc priest
    23 | D:6      | Noticed an orc priest
    23 | D:6      | Noticed an orc priest
    24 | D:6      | Noticed an orc priest
    38 | D:5      | Noticed an iguana
    72 | D:4      | Noticed a black bear
   415 | D:4      | Noticed a necrophage
   427 | D:3      | Found a large runed translucent door.
   427 | D:3      | Found a large runed translucent door.
   430 | D:3      | Noticed Selrock's ghost (novice DsGl)
   608 | D:3      | Noticed a centaur
   952 | D:3      | Noticed Robin
  1061 | D:3      | Killed Robin
  1062 | D:3      | Gained mutation: A meltable shield of frost defends you.
                  | (SH +4) [demonic ancestry]
  1062 | D:3      | Reached XP level 2. HP: 12/24 MP: 2/2
  1340 | D:3      | Gained mutation: Your muscles are strong. (Str +2) [potion
                  | of mutation]
  1340 | D:3      | Gained mutation: You have supernaturally acute eyesight.
                  | (SInv) [potion of mutation]
  1622 | D:4      | Killed a black bear
  1623 | D:4      | Reached skill level 1 in Polearms
  1623 | D:4      | Reached skill level 1 in Evocations
  1623 | D:4      | Reached XP level 3. HP: 17/29 MP: 3/3
  1623 | D:4      | Gained mutation: You sometimes gain a little power by
                  | taking damage. [demonic ancestry]
  1623 | D:4      | Reached XP level 4. HP: 21/36 MP: 4/4
  1786 | D:4      | Gained mutation: You have a pair of small horns on your
                  | head. [demonic ancestry]
  1786 | D:4      | Reached XP level 5. HP: 42/42 MP: 5/5
  1990 | D:4      | Killed a necrophage
  2003 | D:4      | Found a staircase to the Ecumenical Temple.
  2025 | Temple   | Entered the Ecumenical Temple
  2117 | Temple   | Became a worshipper of Warmaster Okawaru
  2367 | D:4      | Gained mutation: You are partially covered in icy blue
                  | scales. (AC +2) [demonic ancestry]
  2367 | D:4      | Reached XP level 6. HP: 48/48 MP: 6/6
  3278 | D:1      | Found a faded altar of an unknown god.
  3988 | D:2      | Found a blossoming altar of Fedhas.
  4046 | D:2      | Found a runed translucent door.
  4047 | D:2      | Noticed Crazy Yiuf
  4539 | D:2      | Killed Crazy Yiuf
  4644 | D:3      | Banished Selrock's ghost
  4645 | D:3      | Reached XP level 7. HP: 51/55 MP: 5/8
  4775 | D:5      | Reached skill level 5 in Stealth
  4851 | D:5      | Reached * piety under Okawaru
  4946 | D:5      | Reached XP level 8. HP: 60/61 MP: 7/9
  5052 | D:5      | Found Lillum Illyv's Antique Weapon Shop.
  5180 | D:5      | Noticed a moth of wrath
  5183 | D:5      | Found a bloodstained altar of Trog.
  5429 | D:6      | Reached skill level 5 in Fighting
  5541 | D:6      | Noticed Menkaure
  5551 | D:6      | Killed Menkaure
  5552 | D:6      | Reached skill level 1 in Shields
  5801 | D:6      | Reached skill level 5 in Polearms
  6158 | D:6      | Reached ** piety under Okawaru
  6457 | D:6      | Gained mutation: You have a pair of horns on your head.
                  | [demonic ancestry]
  6457 | D:6      | Reached XP level 9. HP: 55/68 MP: 10/12
  6674 | D:6      | Noticed a two-headed ogre
  6733 | D:6      | Killed a two-headed ogre
  6733 | D:6      | Reached *** piety under Okawaru
  6734 | D:6      | Reached skill level 5 in Dodging
  6734 | D:6      | Reached skill level 5 in Invocations
  7378 | D:7      | Reached skill level 5 in Evocations
  7483 | D:7      | Reached **** piety under Okawaru
  7577 | D:7      | Noticed Maggie
  7594 | D:7      | Killed Maggie
  7595 | D:7      | Reached XP level 10. HP: 27/76 MP: 3/14
  8062 | D:7      | Reached skill level 1 in Armour
  8520 | D:8      | Noticed a two-headed ogre
  8537 | D:8      | Killed a two-headed ogre
  8537 | D:8      | Reached ***** piety under Okawaru
  8643 | D:8      | Found Hics's Armour Shoppe.
  9183 | D:9      | Received a gift from Okawaru
  9739 | D:9      | Noticed a two-headed ogre
 10043 | D:9      | Found a staircase to the Orcish Mines.
 10102 | D:9      | Gained mutation: A meltable icy envelope protects you from
                  | harm. (AC +8) [demonic ancestry]
 10102 | D:9      | Reached XP level 11. HP: 42/84 MP: 11/16
 10330 | D:9      | Banished a two-headed ogre
 10584 | D:10     | Entered Level 10 of the Dungeon
 10587 | D:10     | Noticed a deep elf pyromancer
 10600 | D:10     | Killed a deep elf pyromancer
 10877 | D:10     | Found Jioc's Jewellery Emporium.
 10950 | D:10     | Found a staircase to the Lair.
 10978 | D:10     | Noticed a two-headed ogre
 10982 | D:10     | Banished a two-headed ogre
 11134 | D:10     | Found Heeg's Weapon Boutique.
 11188 | D:10     | Found Voodifre's Antique Weapon Shoppe.
 11200 | D:10     | Found Ecekhioq's Jewellery Emporium.
 11269 | D:10     | Found Juefiukk's Assorted Antiques.
 11273 | D:10     | Bought a scroll labelled WAIPETR WINYNO for 29 gold pieces
 11273 | D:10     | Bought a scroll of identify for 58 gold pieces
 11273 | D:10     | Bought a murky red potion for 26 gold pieces
 11273 | D:10     | Bought a potion of heal wounds for 145 gold pieces
 11424 | D:11     | Reached skill level 5 in Shields
 11848 | D:11     | Noticed a two-headed ogre
 11854 | D:11     | Banished a two-headed ogre
 12406 | D:12     | Found a transporter.
 12410 | D:12     | Noticed Ekaitz's ghost (journeyman DrEE)
 12413 | D:12     | Noticed a deep troll earth mage
 12414 | D:12     | Noticed a purple ugly thing
 12414 | D:12     | Noticed a fire giant
 12414 | D:12     | Noticed a fire dragon
 12448 | D:12     | Found a transporter.
 12878 | D:12     | Reached XP level 12. HP: 92/92 MP: 18/18
 12979 | D:12     | Received a gift from Okawaru
 13162 | D:12     | Noticed a five-headed hydra
 13174 | D:12     | Killed a five-headed hydra
 13175 | D:12     | Reached skill level 10 in Polearms
 13350 | D:12     | Noticed a two-headed ogre
 13356 | D:12     | Banished a two-headed ogre
 13574 | D:13     | Noticed a two-headed ogre
 13576 | D:13     | Noticed a centaur warrior
 13595 | D:13     | Killed a centaur warrior
 13596 | D:13     | Reached skill level 5 in Armour
 13635 | D:13     | Banished a two-headed ogre
 14112 | D:13     | Found a gate to the Vaults.
 14214 | D:13     | Noticed a boulder beetle
 14230 | D:13     | Killed a boulder beetle
 14346 | D:13     | Noticed a yaktaur captain
 14373 | D:13     | Killed a yaktaur captain
 14610 | D:13     | Noticed a centaur warrior
 14614 | D:13     | Killed a centaur warrior
 14728 | D:13     | Noticed a two-headed ogre
 14734 | D:13     | Killed a two-headed ogre
 14992 | D:13     | Gained mutation: You are mostly covered in icy blue scales.
                  | (AC +3) [demonic ancestry]
 14992 | D:13     | Reached XP level 13. HP: 101/101 MP: 19/19
 15350 | D:14     | Found a flagged portal.
 15437 | D:14     | Found Niop's Distillery.
 15454 | D:14     | Bought 2 potions of heal wounds for 150 gold pieces
 15454 | D:14     | Bought a potion of haste for 150 gold pieces
 15523 | Bailey   | Entered a bailey
 15756 | Bailey   | Noticed an orc warlord
 15784 | Bailey   | Killed an orc warlord
 15829 | Bailey   | Reached XP level 14. HP: 109/109 MP: 20/20
 15830 | Bailey   | Gained mutation: You have a pair of large horns on your
                  | head. [demonic ancestry]
 15830 | Bailey   | Reached XP level 15. HP: 115/115 MP: 21/21
 15842 | Bailey   | Identified the amulet of Keirph {RegenMP rPois Regen+}
 15859 | Bailey   | Acquired the ring "Uschio" {rF+ rCorr AC+4 Dex-5}
 16398 | D:14     | Reached skill level 10 in Fighting
 16498 | D:13     | Received a gift from Okawaru
 16511 | D:14     | Reached ****** piety under Okawaru
 16536 | D:14     | Found a runed translucent door.
 16537 | D:14     | Noticed a storm dragon
 16950 | D:15     | Entered Level 15 of the Dungeon
 17345 | D:15     | Reached skill level 10 in Shields
 17429 | D:15     | Found a staircase to the Depths.
 18379 | Lair:1   | Entered Level 1 of the Lair of Beasts
 19509 | Lair:2   | Noticed Urug
 19516 | Lair:2   | Banished Urug
 20008 | Lair:3   | Reached XP level 16. HP: 119/122 MP: 22/22
 20677 | Lair:3   | Identified the ring "Suorghaj" {Ice +Blink rN+ Will+ Dex+9}
 20733 | Lair:3   | Identified the +3 quarterstaff "Inonei" {vamp, Drain Str+5
                  | Int+6}
 21003 | Lair:4   | Received a gift from Okawaru
 21449 | Lair:4   | Found a hole to the Spider Nest.
 21523 | Lair:4   | Found a staircase to the Swamp.
 21858 | Spider:1 | Entered Level 1 of the Spider Nest
 22150 | Lair:5   | Found a staircase to the Slime Pits.
 22368 | Lair:5   | Reached skill level 15 in Shields
 22372 | Lair:5   | Identified the +6 spear of Propriety {drain, rF++ rCorr
                  | MP+9} (Okawaru gifted it to you on level 5 of the Lair of
                  | Beasts)
 22372 | Lair:5   | Received a gift from Okawaru
 23178 | Slime:1  | Entered Level 1 of the Pits of Slime
 23256 | Lair:6   | Entered Level 6 of the Lair of Beasts
 23867 | Lair:6   | Received a gift from Okawaru
 23981 | Lair:6   | Noticed Rupert
 24003 | Lair:6   | Killed Rupert
 24004 | Lair:6   | Reached XP level 17. HP: 130/131 MP: 21/23
 24833 | D:12     | Killed Ekaitz's ghost
 24980 | D:12     | Identified the +3 robe of the Stars {rF+ rN+ Str-5 Int+8}
 25101 | Orc:1    | Entered Level 1 of the Orcish Mines
 25368 | Orc:1    | Received a gift from Okawaru
 25646 | Orc:1    | Found San Eweh's Weapon Emporium.
 25984 | Orc:2    | Entered Level 2 of the Orcish Mines
 25984 | Orc:2    | Found a staircase to the Elven Halls.
 26080 | Orc:2    | Reached skill level 10 in Dodging
 26328 | Orc:2    | Paralysed by an ogre mage for 3 turns
 26367 | Orc:2    | Found Pusutul's Armour Emporium.
 26367 | Orc:2    | Found Nufosiah's Armour Boutique.
 26459 | Orc:2    | Found Pavvis's Book Emporium.
 26459 | Orc:2    | Found Wucatiung's Distillery.
 26466 | Orc:2    | Bought a potion of resistance for 140 gold pieces
 26476 | Orc:2    | Bought a +1 cloak of preservation for 181 gold pieces
 27007 | Lair:4   | Identified the +0 tower shield "Xopiotis" {-Tele Int+4
                  | Stlth+} (Okawaru gifted it to you on level 4 of the Lair of
                  | Beasts)
 27007 | Lair:4   | Received a gift from Okawaru
 27366 | Spider:1 | Identified the +1 helmet of Othrusk {rN+ Will++ Int+3}
 28609 | Spider:2 | Acquired a +3 demon trident of electrocution
 28616 | Spider:2 | Cast into level 3 of the Abyss (unwielding a weapon of
                  | distortion)
 28616 | Abyss:3  | Found a corrupted altar of Lugonu.
 28622 | Abyss:3  | Found a corrupted altar of Lugonu.
 28938 | Spider:2 | Escaped the Abyss
 29157 | Spider:3 | Gained mutation: A meltable icy envelope protects you from
                  | harm. (AC +8) [demonic ancestry]
 29157 | Spider:3 | Reached XP level 18. HP: 138/142 MP: 7/24
 29189 | Spider:3 | Found a frozen archway.
 29211 | IceCv    | Entered an ice cave
 29467 | IceCv    | Reached skill level 1 in Spellcasting
 29504 | IceCv    | Found an ancient bone altar of Kikubaaqudgha.
 29701 | IceCv    | Identified the +5 ice dragon scales of the Shoals {rElec
                  | rF- rC++ Will- Str-4 Int+5}
 29753 | IceCv    | Noticed a lich
 29870 | IceCv    | Killed a lich
 30010 | IceCv    | Got the Guide on the Glacier
 30538 | Spider:3 | Reached skill level 10 in Armour
 30869 | Spider:4 | Entered Level 4 of the Spider Nest
 30936 | Spider:4 | Received a gift from Okawaru
 31485 | Spider:4 | Paralysed by a hornet for 3 turns
 31538 | Spider:4 | Identified the +5 demon whip of Liberalism {elec, rPois rN+
                  | Int+3} (Okawaru gifted it to you on level 4 of the Spider
                  | Nest)
 31538 | Spider:4 | Received a gift from Okawaru
 31849 | Spider:4 | Got a gossamer rune of Zot
 32046 | Spider:4 | Reached skill level 5 in Spellcasting
 32477 | Swamp:1  | Entered Level 1 of the Swamp
 32545 | Swamp:1  | Received a gift from Okawaru
 33392 | Swamp:2  | Reached XP level 19. HP: 152/152 MP: 28/28
 34108 | Swamp:3  | Noticed Aizul
 34115 | Swamp:3  | Noticed Louise
 34431 | Swamp:3  | Killed Aizul
 34765 | Swamp:4  | Entered Level 4 of the Swamp
 34794 | Swamp:4  | Identified Roxanne's Collected Works on the Mountains
 34794 | Swamp:4  | Noticed Roxanne
 34825 | Swamp:4  | Identified the +3 plate armour of the Stone Wall {rPois rF-
                  | Int-3 SInv} (Okawaru gifted it to you on level 4 of the
                  | Swamp)
 34825 | Swamp:4  | Received a gift from Okawaru
 35004 | Swamp:4  | Reached skill level 15 in Fighting
 35850 | Swamp:4  | Paralysed by a fenstrider witch for 5 turns
 35966 | Swamp:4  | Paralysed by a fenstrider witch for 3 turns
 36007 | Swamp:4  | Paralysed by a fenstrider witch for 6 turns
 36330 | Swamp:4  | Got a decaying rune of Zot
 36920 | Elf:1    | Entered Level 1 of the Elven Halls
 36949 | Elf:1    | Reached skill level 10 in Stealth
 37206 | Elf:1    | Received a gift from Okawaru
 37612 | Elf:1    | Noticed Jorgrun
 37623 | Elf:1    | Killed Jorgrun
 37767 | Elf:1    | Reached XP level 20. HP: 162/162 MP: 32/32
 38189 | Elf:2    | Reached skill level 10 in Evocations
 38249 | Elf:1    | Found an ancient bone altar of Kikubaaqudgha.
 38310 | Elf:2    | Received a gift from Okawaru
 38448 | Elf:2    | Identified the +1 battleaxe "Ycitukui" {venom, Str+3 Dex-5}
 38637 | Elf:2    | Found a runed translucent gate.
 38638 | Elf:2    | Found a runed translucent gate.
 38639 | Elf:2    | Found a runed translucent gate.
 38801 | Elf:3    | Entered Level 3 of the Elven Halls
 38805 | Elf:3    | Paralysed by an air elemental for 1 turns
 38845 | Elf:3    | Paralysed by an air elemental for 1 turns
 39073 | D:10     | Bought a ring of willpower for 375 gold pieces
 40096 | Elf:3    | Identified the +5 great sword "Ymerue" {vorpal, Fly rC+}
 40096 | Elf:3    | Identified the ring "Tullan" {Fire SInv}
 40276 | Elf:3    | Identified the ring "Faojuilo" {Ice rElec}
 40410 | Elf:3    | Received a gift from Okawaru
 40566 | Elf:3    | Found the +7 Kryia's mail coat {PotionHeal*2 rC+}
 40573 | Elf:3    | Got the Handbook of Lightness
 40673 | Elf:3    | Found Luneh's Assorted Antiques.
 40678 | Elf:3    | Bought a scroll of enchant armour for 217 gold pieces
 40678 | Elf:3    | Bought a blackened marble ring for 145 gold pieces
 40678 | Elf:3    | Bought a potion of curing for 87 gold pieces
 40678 | Elf:3    | Bought a scroll of teleportation for 87 gold pieces
 41070 | Vaults:1 | Entered Level 1 of the Vaults
 42167 | Vaults:1 | Reached XP level 21. HP: 172/172 MP: 33/33
 43285 | Vaults:2 | Noticed Asterion
 43328 | Vaults:2 | Killed Asterion
 43429 | Vaults:2 | Received a gift from Okawaru
 44569 | Vaults:3 | Identified the +5 kite shield "Plog" {+Inv rPois rC+}
                  | (Okawaru gifted it to you on level 3 of the Vaults)
 44569 | Vaults:3 | Received a gift from Okawaru
 44644 | Vaults:3 | Reached skill level 15 in Dodging
 45443 | Vaults:3 | Found a staircase to the Crypt.
 46099 | Vaults:4 | Found Norchacwo's Distillery.
 46107 | Vaults:4 | Bought a potion of curing for 63 gold pieces
 46107 | Vaults:4 | Bought a potion of curing for 63 gold pieces
 46107 | Vaults:4 | Bought a potion of curing for 63 gold pieces
 46107 | Vaults:4 | Bought a potion of might for 84 gold pieces
 46107 | Vaults:4 | Bought a potion of cancellation for 168 gold pieces
 46107 | Vaults:4 | Bought a potion of mutation for 168 gold pieces
 46117 | Vaults:4 | Identified the +8 glaive "Hydrabane" {speed, rElec}
                  | (Okawaru gifted it to you on level 4 of the Vaults)
 46117 | Vaults:4 | Received a gift from Okawaru
 46167 | Vaults:4 | Gained mutation: You sometimes gain power by taking damage.
                  | [demonic ancestry]
 46167 | Vaults:4 | Reached XP level 22. HP: 177/185 MP: 34/34
 46523 | Vaults:4 | Received a gift from Okawaru
 46549 | Vaults:4 | Reached skill level 1 in Throwing
 47242 | Vaults:5 | Entered Level 5 of the Vaults
 47242 | Vaults:5 | Noticed a golden dragon
 47242 | Vaults:5 | Noticed an ancient lich
 47250 | Vaults:5 | Reached skill level 5 in Throwing
 47253 | Vaults:5 | Killed a golden dragon
 47260 | Vaults:4 | Killed an ancient lich
 47536 | Depths:1 | Entered Level 1 of the Depths
 47645 | Depths:1 | Received a gift from Okawaru
 47818 | Depths:1 | Identified the +3 cloak of the Buccaneer {SInv} (Okawaru
                  | gifted it to you on level 1 of the Depths)
 47818 | Depths:1 | Received a gift from Okawaru
 48007 | Depths:1 | Found a one-way gate to the infinite horrors of the Abyss.
 48198 | Depths:1 | Paralysed by a great orb of eyes for 6 turns
 48269 | Depths:1 | Gained mutation: You are robust. (+10% HP) [demonic
                  | ancestry]
 48269 | Depths:1 | Reached XP level 23. HP: 179/213 MP: 35/35
 48362 | Depths:1 | You fall into a shaft and drop 1 floor!
 48593 | Depths:2 | Found Jaetzuis's Weapon Shoppe.
 48602 | Depths:2 | Found Ladul's Magic Scroll Emporium.
 48602 | Depths:2 | Found Rigajyd's Antique Armour Shoppe.
 48610 | Depths:2 | Found Kasuni's Weapon Emporium.
 48805 | Depths:2 | Bought a scroll of magic mapping for 56 gold pieces
 48805 | Depths:2 | Bought a scroll of immolation for 56 gold pieces
 48805 | Depths:2 | Bought a scroll of teleportation for 48 gold pieces
 48815 | Depths:2 | Bought a pair of embroidered gloves for 292 gold pieces
 48925 | Depths:2 | Found a gateway to Hell.
 49056 | Depths:2 | Found a one-way gate leading to the halls of Pandemonium.
 49182 | Depths:2 | Found a large runed translucent door.
 49183 | Depths:2 | Found a large runed translucent door.
 49185 | Depths:2 | Noticed Egemm's ghost (journeyman MiBe)
 49609 | Depths:2 | Noticed a dread lich
 49632 | Depths:2 | Killed a dread lich
 49827 | Depths:2 | Killed Egemm's ghost
 49902 | Depths:2 | Received a gift from Okawaru
 50009 | Depths:3 | Received a gift from Okawaru
 50424 | Depths:3 | Received a gift from Okawaru
 50473 | Depths:3 | Received a gift from Okawaru
 50531 | Depths:3 | Found a blossoming altar of Fedhas.
 50716 | Depths:3 | Found a runed translucent door.
 50717 | Depths:3 | You fall into a shaft and drop 2 floors!
 50717 | Depths:5 | Entered Level 5 of the Depths
 50717 | Depths:5 | Found a gate to the Realm of Zot.
 50940 | Depths:4 | Noticed Boris
 50961 | Depths:4 | Killed Boris
 51015 | Depths:4 | Received a gift from Okawaru
 51490 | Depths:3 | Gained mutation: You are completely covered in icy blue
                  | scales. (AC +4, rC+) [demonic ancestry]
 51490 | Depths:3 | Reached XP level 24. HP: 193/221 MP: 35/35
 51728 | Depths:3 | Gained mutation: You evolve. [a neqoxec]
 51729 | Depths:3 | Gained mutation: You occasionally shout uncontrollably at
                  | your foes. [a neqoxec]
 51915 | Depths:3 | Noticed Egemm's ghost (journeyman MiBe)
 51932 | Depths:3 | Killed Egemm's ghost
 51971 | Depths:4 | Noticed Liupibe's ghost (adept MiBe)
 52000 | Depths:4 | Found a transporter.
 52072 | Depths:4 | Found a transporter.
 52087 | Depths:4 | Found a corrupted altar of Lugonu.
 52766 | Depths:5 | Found a gateway to a ziggurat.
 52873 | Depths:5 | Found Xilleys's Assorted Antiques.
 52912 | Depths:4 | Received a gift from Okawaru
 53134 | Depths:4 | Killed Liupibe's ghost
 53399 | Depths:5 | Found Jitza's Assorted Antiques.
 53520 | Depths:5 | Found Efustise's Jewellery Shop.
 53543 | Depths:5 | Bought a slimy bone ring for 230 gold pieces
 53543 | Depths:5 | Identified the ring "Nuh Horgh" {*Slow rElec MP+9 Stlth+}
                  | (You bought it in a shop on level 5 of the Depths)
 53585 | Depths:5 | Found a portal to a secret trove of treasure.
 53674 | Depths:5 | Received a gift from Okawaru
 53703 | Depths:5 | Received a gift from Okawaru
 53889 | Depths:5 | Bought a scroll of acquirement for 1976 gold pieces
 53889 | Depths:5 | Acquired the ring "Karun" {*Corrode rPois rF+ Slay+4}
 53914 | Depths:5 | Found a hide-covered altar of Uskayaw.
 53948 | Depths:5 | Acquired a manual of Stealth
 54104 | Depths:5 | Found Javas's Jewellery Shop.
 54104 | Depths:5 | Found Rohepear's Book Shoppe.
 54105 | Depths:5 | Found Teidwa's Book Shoppe.
 54113 | Depths:5 | Bought the ring "Qicvoyw" {rPois rF+ Dex+2 SInv} for 720
                  | gold pieces
 54120 | Depths:5 | Bought a book of the Senses for 608 gold pieces
 54126 | Depths:5 | Learned a level 5 spell: Silence
 54397 | Vaults:4 | Reached skill level 1 in Hexes
 54402 | Vaults:4 | Reached skill level 1 in Air Magic
 54433 | Vaults:5 | Gained mutation: You are very robust. (+20% HP) [demonic
                  | ancestry]
 54433 | Vaults:5 | Reached XP level 25. HP: 221/248 MP: 29/35
 54568 | Vaults:5 | Reached skill level 5 in Hexes
 54632 | Vaults:5 | Identified the +10 falchion of Terror {vorpal, rElec Str+3}
 54647 | Vaults:5 | Reached skill level 5 in Air Magic
 54836 | Vaults:5 | Received a gift from Okawaru
 54904 | Vaults:5 | Got Sif Muna's Tome of Flames
 54951 | Vaults:5 | Noticed an ancient lich
 54968 | Vaults:5 | Killed an ancient lich
 55078 | Vaults:5 | Identified the ring "Ahicka" {rElec rC+ Will+ Dex-4 Slay+3}
 55139 | Vaults:5 | Identified the ring of Gaakimu {Str+4 Int+6 Slay+3}
 55209 | Vaults:5 | Got a silver rune of Zot
 56393 | Zot:1    | Entered Level 1 of the Realm of Zot
 56513 | Zot:1    | Identified the +1 ring mail of Courage {Rampage rPois Dex-4
                  | SInv} (Okawaru gifted it to you on level 1 of the Realm of
                  | Zot)
 56513 | Zot:1    | Received a gift from Okawaru
 56514 | Zot:1    | Reached skill level 10 in Hexes
 56718 | Zot:2    | Gained mutation: You are powered by pain. [demonic
                  | ancestry]
 56718 | Zot:2    | Reached XP level 26. HP: 194/258 MP: 35/35
 56726 | Zot:2    | Reached skill level 10 in Air Magic
 58053 | Zot:1    | Received a gift from Okawaru
 59123 | Zot:3    | Identified the +2 kite shield of Pathos {*Corrode Int+2
                  | SInv} (Okawaru gifted it to you on level 3 of the Realm of
                  | Zot)
 59123 | Zot:3    | Received a gift from Okawaru
 59747 | Zot:3    | Reached skill level 15 in Stealth
 60129 | Zot:3    | Found a huge runed gate.
 60129 | Zot:3    | Found a huge runed gate.
 60129 | Zot:3    | Found a huge runed gate.
 60129 | Zot:3    | Found a huge runed gate.
 60129 | Zot:3    | Found a huge runed gate.
 60129 | Zot:3    | Found a huge runed gate.
 60130 | Zot:3    | Found a huge runed gate.
 60130 | Zot:3    | Found a huge runed gate.
 60131 | Zot:3    | Found a huge runed gate.
 60134 | Zot:3    | Found a huge runed gate.
 60139 | Zot:3    | Found a huge runed gate.
 60139 | Zot:3    | Found a huge runed gate.
 60139 | Zot:3    | Found a huge runed gate.
 60144 | Zot:3    | Found a huge runed gate.
 60145 | Zot:3    | Found a huge runed gate.
 60146 | Zot:3    | Found a huge runed gate.
 60153 | Zot:3    | Found a huge runed gate.
 60153 | Zot:3    | Found a huge runed gate.
 60153 | Zot:3    | Found a huge runed gate.
 60153 | Zot:3    | Found a huge runed gate.
 60153 | Zot:3    | Found a huge runed gate.
 60153 | Zot:3    | Found a huge runed gate.
 60154 | Zot:3    | Found a huge runed gate.
 60155 | Zot:3    | Found a huge runed gate.
 60367 | Zot:5    | Entered Level 5 of the Realm of Zot
 60533 | Zot:4    | Gained mutation: You passively map a small area around you.
                  | [evolution]
 60589 | Zot:4    | Noticed an orb of fire
 60596 | Zot:4    | Gained mutation: You tend to lose your temper in combat.
                  | [an orb of fire]
 60608 | Zot:4    | Killed an orb of fire
 60609 | Zot:4    | Gained mutation: You are extremely robust. (+30% HP)
                  | [demonic ancestry]
 60609 | Zot:4    | Reached XP level 27. HP: 229/287 MP: 35/35
 60622 | Zot:4    | Received a gift from Okawaru
 60966 | Zot:5    | Received a gift from Okawaru
 60986 | Zot:5    | Noticed an orb of fire
 60987 | Zot:5    | Lost mutation: You tend to lose your temper in combat.
                  | [potion of mutation]
 60987 | Zot:5    | Gained mutation: Your mind is acute. (Int +2) [potion of
                  | mutation]
 60987 | Zot:5    | Gained mutation: You have large cloven feet. [potion of
                  | mutation]
 61013 | Zot:5    | Killed an orb of fire
 61013 | Zot:5    | Received a gift from Okawaru
 61059 | Zot:5    | Received a gift from Okawaru
 61550 | Zot:5    | Noticed an orb of fire
 61574 | Zot:5    | Gained mutation: You sometimes lose the ability to read
                  | scrolls when taking damage. [an orb of fire]
 61576 | Zot:5    | Gained mutation: Armour fits poorly on your strangely
                  | shaped body. [an orb of fire]
 61578 | Zot:5    | Killed an orb of fire
 61592 | Zot:5    | Noticed an orb of fire
 61632 | Zot:5    | Killed an orb of fire
 61632 | Zot:5    | Received a gift from Okawaru
 61657 | Zot:5    | Identified the +1 pair of boots of Distant Shores {-Tele
                  | rElec Str+4} (Okawaru gifted it to you on level 5 of the
                  | Realm of Zot)
 61657 | Zot:5    | Received a gift from Okawaru
 61667 | Zot:5    | Noticed an orb of fire
 61684 | Zot:5    | Killed an orb of fire
 61836 | Zot:5    | Noticed an orb of fire
 61861 | Zot:5    | Killed an orb of fire
 61868 | Zot:5    | Reached skill level 15 in Armour
 62200 | Zot:5    | Noticed an orb of fire
 62201 | Zot:5    | Noticed an orb of fire
 62556 | Zot:5    | Killed an orb of fire
 62693 | Zot:5    | Received a gift from Okawaru
 62705 | Zot:5    | Gained mutation: You tend to lose your temper in combat.
                  | [an orb of fire]
 62716 | Zot:5    | Lost mutation: Your mind is acute. (Int +2) [an orb of
                  | fire]
 62724 | Zot:5    | Killed an orb of fire
 62807 | Zot:5    | Received a gift from Okawaru
 62893 | Zot:5    | Got the Orb of Zot
 62935 | Zot:4    | Noticed Zyiwk the pandemonium lord
 63384 | D:$      | Escaped with the Orb!

Illustrated notes

Levels and vault maps discovered:
D:1:      giann_forest_graveyard, layout_basic,
          hellmonk_ecumenical_altar_lost_god
D:2:      layout_loops_cross, basic_altar, minmay_heptomino_d4,
          uniq_crazy_yiuf_cottage
D:3:      layout_basic, ebering_ghost_disaster_area, uniq_robin
D:4:      layout_loops_ring, minmay_temple_entry_grid
D:5:      layout_rooms, tgw_trog, serial_shops, kennysheep_little_box
D:6:      minmay_clustersquares, layout_loops_ring, supply_closet_lemuel,
          hangedman_decor_points, dk_noncrumbling_3, kb_lookout_dungeons_type,
          uniq_menkaure
D:7:      layout_basic, hangedman_decor_riveting, uniq_maggie
D:8:      layout_gridville, serial_shops, nicolae_shop_waterfront
D:9:      layout_basic, kennysheep_orc_monster_closet_entryway
D:10:     layout_roguey, erik_lair_island, serial_shops, shop, shop, shop,
          kennysheep_mini, shop, minivault_19, hangedman_abyss_or_decor_clamps
D:11:     layout_layer_cave
D:12:     layout_loops_ring, gammafunk_ghost_arena
D:13:     minmay_inside_and_out, layout_basic, david_vaults_2, serial_curves,
          eino_curves_02, eino_curves_01, eino_curves_02, eino_curves_01
D:14:     layout_grid_maze, serial_shops, shop, enter_bailey_2, minivault_13
D:15:     grunt_enter_depths_giant_problem, layout_irregular_city,
          minmay_misc_feat_x
Temple:   roderic_octagonal_lattice_temple
Lair:1:   layout_cave_shapes, beast_lair_carwin_5, infiniplex_staircase_pool_2,
          grunt_megastairs_1, serial_bayou_shore_b, lemuel_fruit_fields
Lair:2:   layout_cave_pods, special_room [special_room_bee], grunt_megastairs_3,
          uniq_urug
Lair:3:   layout_chaotic_city, ice2_lemuel
Lair:4:   layout_regular_city, minmay_swamp_entry_worms,
          nicolae_spider_entry_orb_guardian, beast_lair_carwin_7
Lair:5:   layout_cave_pods, slime_dummy, special_room
          [special_room_mythical_zoo], cheibrodos_lair_lostbears,
          minmay_lair_oklob_chamber, grunt_megastairs_2
Lair:6:   minmay_lair_end_enchanted_forest, layout_loops_ring, uniq_rupert
Swamp:1:  layout_basic_swamp, evilmike_swamp_ruin_house_2, swamp_pool1,
          nicolae_swamp_catching_bugs
Swamp:2:  layout_falls_marsh, nicolae_swamp_trees_clearing, swamp_pool4
Swamp:3:  layout_basic_swamp, serial_swamp_ruin, evilmike_swamp_ruin_rubble_1,
          hangedman_swamp_ruin_wall, evilmike_swamp_ruin_rubble_2, uniq_louise,
          uniq_aizul
Swamp:4:  nzn_swamp_witches_coven, layout_basic_swamp, swamp_pool1,
          nicolae_swamp_oxbows, uniq_roxanne
Spider:1: layout_spider_delve, hangedman_spider_tarantella_strand
Spider:2: layout_spider_delve
Spider:3: layout_spider_delve, portal_ice_cave_entry_frozen_things
Spider:4: guppyfry_spider_rune
Slime:1:  layout_caves
Orc:1:    cheibrodos_orc_bank, layout_diamond_mine, serial_shops, shop
Orc:2:    st_orc_ogre_mass, layout_caves, hellmonk_bongcloud_opening
Elf:1:    minmay_elf_arrival_summoners, layout_gridlike,
          hangedman_elf_represent, lemuel_upstairs_altar, uniq_jorgrun
Elf:2:    elven_hall_of_blades_hangedman_original [mumra_blade_entry_bloodbath],
          layout_gridlike, uniq_agnes
Elf:3:    elf_hall, layout_loops_cross, serial_shops, shop_statue
Vaults:1: dpeg_vaults_waves, vaults_room_octagon, v_misc_29, v_pattern_4,
          vaults_room_large_hall, nicolae_vaults_network_barrier,
          nicolae_vaults_diagonal_hallway_9, layout_vaults_big_room
Vaults:2: vaults_room_grunt_arrival_checkpoint, vaults_mumra_chevron, v_misc_30,
          v_misc_3, dpeg_vaults_monster_box, nicolae_vaults_diagonal_hallway_7,
          nicolae_vaults_angled_halls, vaults_dpeg_ring, layout_vaults_omnigrid,
          uniq_asterion
Vaults:3: v_misc_1, v_misc_29, minmay_crypt_entry_simple_box,
          nicolae_vaults_yaktaur_gun_rack, vaults_dpeg_hooks,
          nicolae_vaults_windows_and_doors_thing, vaults_room_door_hall,
          ontoclasm_vaults_fault, st_cells, v_misc_19, v_misc_32,
          nicolae_vaults_little_squares_1, hangedman_vaults_corner_blocks,
          layout_vaults_ring
Vaults:4: vaults_room_octagon, vaults_room_grid,
          vaults_room_hangedman_quadrants, nicolae_vaults_little_ls,
          vaults_dpeg_doors, grunt_vaults_trifunnel, hangedman_vaults_cutoff,
          vaults_room_ringed_pool, dpeg_vaults_monster_row,
          nicolae_vaults_specimen_jars, ontoclasm_vaults_pinch, serial_ice_h,
          vaults_room_stairs_pillars, hangedman_vaults_capsules,
          nicolae_vaults_rhombus_5, layout_vaults_maze_snakey, serial_shops,
          shop
Vaults:5
Depths:1: layout_basic, lightli_too_deep, abyss_entry,
          ebering_dispersal_statue_hall, hangedman_decor_diamond_cutter,
          tso_oasis_becter, serial_bayou_shore_b
Depths:2: cheibrodos_cascadia, layout_basic, minmay_room_of_horrors,
          pf_coc_iceberg, zin_angel, rand_demon_pan_entry_7,
          ebering_ghost_disaster_area, minmay_shoptagon
Depths:3: minmay_open_boxes_in_corner, layout_gridlike, serial_bayou_lagoon_a,
          ebering_ghost_reflecting_pool, grunt_pan_entry_zigzag, hell_entry,
          fedhas_altar_fruit_tree, minmay_staircase_windowed_large
Depths:4: grunt_house_of_mirrors, layout_cave_pools, gammafunk_ghost_arena,
          abyss_entry_flame_altar, grunt_hell_entry_dis_mu, firewood_loft,
          infiniplex_staircase_spiral_double, uniq_boris
Depths:5: grunt_zot_entry_alcove, layout_cave_pools, enter_ziggurat_b,
          nicolae_uskayaw_murder_on_the_dancefloor, serial_shops,
          nicolae_diamond_shop, shop, shop, enter_trove_3, hell_entry,
          serial_bayou_shore_b, minmay_shop_grove
Zot:1:    layout_onion
Zot:2:    layout_basic
Zot:3:    layout_cellular_growth, not_door_vault_due
Zot:4:    layout_misc_corridors
Zot:5:    layout_basic

Skill      XL: |  1  2  3  4  5  6  7  8  9 10 11 12 13 14 15 16 17 18 19 20 21 22 23 24 25 26 27 |
---------------+----------------------------------------------------------------------------------+-----
Maces & Flails | 2 |  2.2
Dodging        | 2 3 4 5 6 7 8 9 11 12 13 15 17 20 21 | 21.2
Polearms       | 1 2 4 5 7 8 9 11 13 14 | 14.0
Evocations     | 1 2 3 4 5 6 9 10 12 | 12.7
Fighting       | 4 5 6 7 8 9 10 11 12 14 15 16 18 19 21 | 21.3
Invocations    | 2 4 6 7 9 |  9.0
Stealth        | 5 6 7 8 11 16 17 | 17.1
Shields        | 2 3 4 5 7 9 12 15 | 15.0
Armour         | 2 4 5 7 9 11 13 16 | 16.3
Spellcasting   | 6 8 |  8.0
Throwing       | 8 |  8.0
Hexes          | 1 10 13 | 13.5
Air Magic      | 1 9 12 | 12.5

Action                   |  1- 3 |  4- 6 |  7- 9 | 10-12 | 13-15 | 16-18 | 19-21 | 22-24 | 25-27 || total
-------------------------+-------+-------+-------+-------+-------+-------+-------+-------+-------++-------
Melee: Mace              |    33 |       |       |       |       |       |       |       |       ||    33
       Trident           |     9 |   103 |   257 |   650 |   722 |  1807 |       |       |       ||  3548
       Headbutt          |       |     8 |    46 |   136 |   160 |   516 |   479 |   795 |   630 ||  2770
       Demon trident     |       |       |       |       |       |   975 |  2070 |  2353 |  2481 ||  7879
       Unarmed           |       |       |       |       |       |       |       |       |     2 ||     2
Throw: Throwing net      |       |       |       |     1 |       |     2 |       |     1 |     1 ||     5
 Cast: Silence           |       |       |       |       |       |       |       |       |     5 ||     5
Invok: Heroism           |       |       |     2 |     8 |     3 |     5 |     9 |     7 |    19 ||    53
       Finesse           |       |       |       |       |       |       |       |     3 |     6 ||     9
Evoke: Wand              |     2 |       |     1 |    12 |     3 |    25 |    10 |     5 |    37 ||    95
       Phantom mirror    |       |       |       |       |       |       |     1 |       |     1 ||     2
  Use: Potion            |     2 |       |       |     1 |     2 |     4 |     4 |     1 |    16 ||    30
       Scroll            |     1 |     3 |     4 |     6 |     6 |    15 |    10 |    15 |    14 ||    74
 Stab: Sleeping          |       |    18 |     8 |    20 |    12 |    20 |    36 |    14 |    10 ||   138
       Distracted        |       |       |       |     5 |     1 |    11 |     6 |     6 |     6 ||    35
       Paralysed         |       |       |       |     4 |       |       |       |       |    13 ||    17
       Held in net/web   |       |       |       |     1 |       |       |       |     2 |     1 ||     4
       Petrified         |       |       |       |       |       |     6 |       |       |       ||     6
Armor: Leather armour    |    14 |    11 |    78 |       |       |       |       |       |       ||   103
       Steam dragon scal |       |       |       |   126 |   134 |   183 |       |       |       ||   443
       Fire dragon scale |       |       |       |       |       |   622 |   408 |   443 |   586 ||  2059
       Chain mail        |       |       |       |       |       |    97 |       |       |       ||    97
       Ice dragon scales |       |       |       |       |       |       |     5 |       |       ||     5
Dodge: Dodged            |    33 |    24 |    89 |   196 |   214 |  1005 |   448 |  1095 |   961 ||  4065
Block: Other             |     5 |     7 |     3 |       |       |       |       |       |       ||    15
       Kite shield       |       |       |   161 |   455 |   528 |  1915 |   969 |  1927 |  1537 ||  7492
       Reflection        |       |       |       |    20 |       |       |       |       |       ||    20
